 Dungeon Crawl Stone Soup version 0.32-a0-18-g89e19f1974 (webtiles) character file.

Game seed: 10461613694701802991

2853 Aneyh the Fighter (level 9, 0/65 HPs)
             Began as a Tengu Monk on Jan 17, 2024.
             Was a Follower of Ru.
             Slain by Joseph
             ... wielding a +0 quarterstaff
              (7 damage)
             ... on level 9 of the Dungeon.
             The game lasted 00:26:23 (8927 turns).

Aneyh the Fighter (Tengu Monk)                      Turns: 8927, Time: 00:26:24

Health: 0/65       AC:  6    Str: 13    XL:     9   Next: 75%
Magic:  10/10      EV: 21    Int: 13    God:    Ru [*.....]
Gold:   512        SH:  0    Dex: 17    Spells: 8/8 levels left

rFire   . . .        a - +2 flail (protect)
rCold   . . .        (no shield)
rNeg    . . .        o - +0 leather armour
rPois   .            (helmet restricted)
rElec   .            y - +0 cloak
rCorr   .            u - +1 pair of gloves
SInv    .            (boots unavailable)
Will    .....        (no amulet)
Stlth   +            B - +5 ring of evasion
HPRegen 0.30/turn    S - ring of wizardry
MPRegen 0.12/turn

%: acrobat, wizardry (x1)
@: grasped by roots, on berserk cooldown, attractive, flying, slowed,
constricted, very slow
A: beak, talons 3, no fire magic, no hexes magic, no translocations magic,
evasive flight, acrobatic
a: Renounce Religion


You were on level 9 of the Dungeon.
You worshipped Ru.
Ru was aware of your devotion.
You visited 2 branches of the dungeon, and saw 10 of its levels.

You collected 512 gold pieces.

Inventory:

Hand Weapons
 a - a +2 flail of protection (weapon)
 b - a +0 orcbow of freezing
 e - a +2 dagger of protection
 g - a +2 falchion of holy wrath
 h - a +0 halberd
 n - a +2 whip of pain
 t - a +2 short sword of venom
 v - a +0 long sword
 I - a +0 battleaxe
 J - a +0 war axe
 K - a +2 heavy flail
 Q - a +0 trident
 U - a +0 glaive
Missiles
 f - 4 javelins
 D - 23 poisoned darts (quivered)
 N - 7 boomerangs
Armour
 o - a +0 leather armour (worn)
 u - a +1 pair of gloves (worn)
 y - a +0 cloak (worn)
 L - a +3 scale mail of cold resistance
Magical Staves
 G - a staff of fire
Jewellery
 q - an amulet of faith
 B - a +5 ring of evasion (left hand)
 O - a ring of positive energy
 S - a ring of wizardry (right hand)
Wands
 H - a wand of paralysis (9)
 M - a wand of mindburst (15)
Scrolls
 d - 2 scrolls of enchant weapon
 j - 3 scrolls of teleportation
 k - 4 scrolls of identify {unknown}
 l - a scroll of blinking
 p - a scroll of brand weapon
 w - a scroll of revelation
 P - a scroll of poison {unknown}
 R - a scroll of fear
 T - a scroll of fog {unknown}
Potions
 c - 3 potions of ambrosia
 i - a potion of attraction
 m - a potion of berserk rage
 s - 3 potions of degeneration {unknown}
 x - a potion of magic {unknown}
 z - 2 potions of might {unknown}
 A - a potion of haste {unknown}
 C - 2 potions of heal wounds {unknown}
 E - a potion of brilliance {unknown}
 F - 2 potions of lignification {unknown}


   Skills:
 * Level 12.2 Fighting
 - Level 3.2 Maces & Flails
 - Level 7.0 Dodging


You had 8 spell levels left.
You didn't know any spells.
Your spell library contained the following spells:

 Spells                   Type           Power      Damage    Failure   Level
 Fugue of the Fallen      Necr           0%         N/A       41%         3
 Hailstorm                Conj/Ice       0%         3d5       41%         3
 Ozocubu's Armour         Ice            0%         N/A       41%         3
 Summon Ice Beast         Ice/Summ       0%         N/A       41%         3
 Olgreb's Toxic Radiance  Alch           0%         N/A       80%         4
 Sculpt Simulacrum        Ice/Alch       0%         N/A       100%        6
 Ozocubu's Refrigeration  Ice            0%         4d7       100%        7
 Foxfire                  Conj/Fire      Unusable   2x1d4     N/A         1
 Ensorcelled Hibernation  Hex/Ice        Unusable   N/A       N/A         2
 Inner Flame              Hex/Fire       Unusable   N/A       N/A         3
 Anguish                  Hex/Necr       Unusable   N/A       N/A         4
 Flame Wave               Conj/Fire      Unusable   2d4       N/A         4
 Sticky Flame             Fire/Alch      Unusable   2d4       N/A         4
 Metabolic Englaciation   Hex/Ice        Unusable   N/A       N/A         5
 Plasma Beam              Fire/Air       Unusable   2x1d10    N/A         6
 Starburst                Conj/Fire      Unusable   6d3       N/A         6
 Discord                  Hex            Unusable   N/A       N/A         8

Dungeon Overview and Level Annotations

Branches:
Dungeon (9/15)             Temple (1/1) D:7
   Lair: D:8-11         Orc: D:9-12

Altars:
Ashenzari
Cheibriados
Dithmenos
Elyvilon
Fedhas
Gozag
Hepliaklqana
Kikubaaqudgha
Makhleb
Nemelex Xobeh
Okawaru
Ru
Sif Muna
Trog
Uskayaw
Vehumet
Wu Jian
Xom
Yredelemnul
Zin
The Shining One

Shops:
D:3 *   D:7 **   D:8 =

Annotations:
D:9 Gastronok, Joseph


Innate Abilities, Weirdness & Mutations

You have a beak for a mouth.
You have claws for feet.
You cannot study or cast Fire magic.
You cannot study or cast Hexes magic.
You cannot study or cast Translocations magic.
Your magical flight helps you evade attacks. (EV +4)
You can magically evade attacks while moving or waiting.


Message History

The grasping roots release their grip on you.
Your +0 orcbow of freezing stops glowing.
Your +2 flail of protection hums with potential!
a - a +2 flail of protection (weapon)
You are confused.
You feel invigorated.
It was a potion of attraction.
You feel attractive to monsters.
It was a potion of berserk rage.
A red film seems to cover your vision as you go berserk!
You feel yourself moving faster!
You feel mighty!
You feel less invigorated.
You feel less confused.
You feel a strong urge to attack something.
Joseph is attracted toward you.
You sock Joseph!
Your weapon exudes an aura of protection.
Your kick misses Joseph.
Joseph is moderately wounded.
Joseph unwields a +0 sling.
Joseph wields a +0 quarterstaff.
Joseph hits you but does no damage.
You closely miss Joseph. You claw Joseph.
Joseph is moderately wounded.
You closely miss Joseph. You claw Joseph!
Joseph is heavily wounded.
You are no longer berserk.
You are exhausted.
You feel yourself slow down. Joseph misses you.
You closely miss Joseph. Your kick misses Joseph.
You peck Joseph, but do no damage.
Joseph is heavily wounded.
Joseph zaps a wand.
The roots erupt in riotous growth!
The grasping roots grab you!
Joseph is unaffected.
The grasping roots constrict you!
Joseph hits you with a +0 quarterstaff!!
* * * LOW HITPOINT WARNING * * *
The grasping roots constrict you!
* * * LOW HITPOINT WARNING * * *
It was a potion of curing.
You feel better. Joseph hits you with a +0 quarterstaff!
You die...

#..... .. ## #..... ...@
#.... .#. #...# ..
############...#### .#
.[................###.#
....## ###.##.###.....####
.....## #.....##........#
.(....# #####.@@.######....
......# ##...## ... ).....#
####..#..# . ......##
#.....##.#######
.......###.....##.#.....#.
.....<.....................
...............####.....#..
##########.....# #######
#####.....#


You could see Joseph.

Vanquished Creatures
  Eustachio (D:4)
  Edmund (D:6)
  Duvessa (D:7)
  A sky beast (D:6)
  3 orc warriors
  A black bear (D:4)
  3 centaurs
  3 scorpions
  A bullfrog (D:6)
  A gnoll sergeant (D:9)
  Dowan (D:7)
  3 killer bees (D:8)
  A howler monkey (D:5)
  A bombardier beetle (D:5)
  7 hounds
  4 orc priests
  A gnoll bouda (D:6)
  5 iguanas
  6 orc wizards
  16 gnolls
  7 adders
  A white imp (D:7)
  2 dart slugs
  A ribbon worm (D:4)
  33 orcs
  6 endoplasms
  5 giant cockroaches
  7 goblins
  5 hobgoblins
  3 quokkas
  7 ball pythons
  A bat (D:3)
  6 frilled lizards
  8 kobolds
  4 rats
157 creatures vanquished.

Vanquished Creatures (others)
  A two-headed ogre (D:8)
  An acid dragon (D:9)
  A killer bee (D:8)
  An orc (D:8)
4 creatures vanquished.

Grand Total: 161 creatures vanquished

Notes
Turn   | Place    | Note
-------+----------+-------------------------------------------
     0 | D:1      | Aneyh the Tengu Monk began the quest for the Orb.
     0 | D:1      | Reached XP level 1. HP: 14/14 MP: 2/2
    74 | D:1      | Reached XP level 2. HP: 17/19 MP: 3/3
   542 | D:2      | Reached XP level 3. HP: 24/24 MP: 4/4
   826 | D:2      | Reached skill level 4 in Fighting
  1090 | D:2      | Found a radiant altar of Vehumet.
  1493 | D:3      | Found Atisidor's General Store.
  1746 | D:3      | Found a faded altar of an unknown god.
  1926 | D:3      | Reached XP level 4. HP: 29/29 MP: 5/5
  2450 | D:4      | Reached XP level 5. HP: 31/34 MP: 6/6
  2464 | D:4      | Noticed a black bear
  2551 | D:4      | Reached skill level 5 in Fighting
  2627 | D:4      | Killed a black bear
  2628 | D:4      | Reached XP level 6. HP: 29/41 MP: 7/7
  2718 | D:4      | Reached skill level 5 in Dodging
  2846 | D:4      | Noticed Eustachio
  2902 | D:5      | Entered Level 5 of the Dungeon
  3098 | D:4      | Killed Eustachio
  3099 | D:4      | Reached skill level 6 in Fighting
  3391 | D:4      | Gained mutation: Your magical flight helps you evade
                  | attacks. (EV +4) [Tengu growth]
  3391 | D:4      | Reached XP level 7. HP: 45/47 MP: 8/8
  4080 | D:5      | Found a radiant altar of Vehumet.
  4182 | D:5      | Reached skill level 7 in Fighting
  5205 | D:6      | Reached XP level 8. HP: 54/54 MP: 9/9
  5261 | D:6      | Reached skill level 8 in Fighting
  5658 | D:6      | Reached skill level 9 in Fighting
  5667 | D:6      | Noticed Edmund
  5689 | D:6      | Killed Edmund
  6073 | D:7      | Noticed Duvessa
  6073 | D:7      | Noticed Dowan
  6081 | D:7      | Killed Duvessa
  6092 | D:7      | Killed Dowan
  6208 | D:7      | Reached skill level 10 in Fighting
  6256 | D:7      | Reached XP level 9. HP: 62/62 MP: 10/10
  6299 | D:7      | Found Myrohi's Specific Store.
  6301 | D:7      | Found Bong's General Store.
  6319 | D:7      | Found a sparkling altar of Nemelex Xobeh.
  6325 | D:7      | Found a white marble altar of Elyvilon.
  6325 | D:7      | Found a glowing golden altar of the Shining One.
  6583 | D:7      | Found a staircase to the Ecumenical Temple.
  6596 | Temple   | Entered the Ecumenical Temple
  6617 | Temple   | Became a worshipper of Ru the Awakened
  6623 | Temple   | Gained mutation: You cannot study or cast Fire magic. [Ru
                  | sacrifice]
  6623 | Temple   | Gained mutation: You cannot study or cast Hexes magic. [Ru
                  | sacrifice]
  6623 | Temple   | Gained mutation: You cannot study or cast Translocations
                  | magic. [Ru sacrifice]
  6623 | Temple   | Reached * piety under Ru
  7145 | D:8      | Noticed a two-headed ogre
  7150 | D:8      | Killed a two-headed ogre
  7151 | D:8      | Reached skill level 11 in Fighting
  7370 | D:8      | Found Bilaesi's Jewellery Shop.
  7915 | D:9      | Noticed Joseph
  7915 | D:9      | Noticed Gastronok
  8710 | D:9      | Reached skill level 12 in Fighting
  8926 | D:9      | HP: 2/65 [constriction (7)]
  8927 | D:9      | Slain by Joseph

Illustrated notes

Levels and vault maps discovered:
D:1:      dpeg_arrival_water_temple_mockup, layout_rooms, minmay_pentomino_z4
D:2:      layout_loops_ring, basic_altar, hangedman_decor_peaks_small,
          minmay_misc_feat_alley
D:3:      layout_loops_corners, serial_shops, shop,
          shapermc_ecumenical_altar_mp_ritualfount, kennysheep_generic_room_8
D:4:      layout_basic, uniq_eustachio
D:5:      layout_loops_corners, fiery_altar_vehumet
D:6:      lemuel_ice_spiral_2, layout_rooms, uniq_edmund
D:7:      layout_basic, minitemple, minmay_temple_entry_slanted,
          nicolae_specific_store, uniq_duvessa
D:8:      layout_loops_corners, serial_shops, shop
D:9:      nzn_winding_woodlands_medium [nzn_winding_woodlands_hourglass,
          nzn_winding_woodlands_5x15_longhouse, nzn_winding_woodlands_5x5_cross,
          nzn_winding_woodlands_5x5_closed_star,
          nzn_winding_woodlands_center_diamonds,
          nzn_winding_woodlands_5x5_default, nzn_winding_woodlands_5x5_default,
          nzn_winding_woodlands_5x15_cabin, nzn_winding_woodlands_5x5_three],
          layout_rooms, uniq_joseph, uniq_gastronok
Temple:   nicolae_temple_bog_church

Skill      XL: |  1  2  3  4  5  6  7  8  9 |
---------------+----------------------------+-----
Fighting       | 4 5 6 7 10 12 | 12.2
Dodging        | 4 5 6 7 |  7.0
Maces & Flails | |  3.2

Action                     |  1- 3 |  4- 6 |  7- 9 || total
---------------------------+-------+-------+-------++-------
  Melee: Mace              |    13 |       |       ||    13
         Peck              |    11 |    22 |    51 ||    84
         Kick              |    18 |    32 |    91 ||   141
         Punch             |     1 |       |     4 ||     5
         Spear             |    58 |       |       ||    58
         Short sword       |    18 |    94 |   183 ||   295
         Flail             |       |       |    88 ||    88
   Fire: Orcbow            |       |       |    97 ||    97
  Throw: Dart              |       |    20 |       ||    20
 Invoke: Sacrifice Arcana  |       |       |     1 ||     1
    Use: Scroll            |       |       |     9 ||     9
         Potion            |       |       |     5 ||     5
   Stab: Sleeping          |     3 |       |       ||     3
 Armour: Robe              |    18 |       |       ||    18
         Leather armour    |    12 |    54 |   123 ||   189
  Dodge: Dodged            |    41 |   146 |   406 ||   593

Table legend: (Time is in decaauts)
 A = Elapsed time spent in this place.
 B = Non-inter-level travel time spent in this place.
 C = Inter-level travel time spent in this place.
 D = Time resting spent in this place.
 E = Time spent auto-exploring this place.
 F = Levels seen in this place.
 G = Mean time per level.
                   A        B        C        D        E       F      G
               +--------+--------+--------+--------+--------+-----+--------+
         Total |   8984 |   8374 |    610 |   1781 |   5027 |  10 |  898.4 |
       Dungeon |   8944 |   8361 |    583 |   1781 |   5027 |   9 |  993.8 |
        Temple |     39 |     12 |     27 |      0 |      0 |   1 |   39.0 |
               +--------+--------+--------+--------+--------+-----+--------+

Top non-repeatable levels by time:
     D:8: 1771 daAuts
     D:5: 1423 daAuts
     D:4: 1415 daAuts
     D:3: 953 daAuts
     D:6: 952 daAuts
     D:2: 864 daAuts
     D:7: 813 daAuts
     D:1: 490 daAuts
     D:9: 260 daAuts
  Temple: 39 daAuts
